 Dungeon Crawl Stone Soup version 0.29.1-2-gbd0b4ee654 (webtiles) character file.

Game seed: 17678318502536650563

2855 Arctor the Protected (level 9, -13/81 HPs)
             Began as a Minotaur Fighter on Oct 27, 2022.
             Was a Follower of the Shining One.
             Mangled by a two-headed ogre
             ... wielding a +0 giant club
              (18 damage)
             ... on level 8 of the Dungeon.
             The game lasted 00:07:59 (6089 turns).

Arctor the Protected (Minotaur Fighter)             Turns: 6089, Time: 00:08:00

Health: -13/81     AC:  9    Str: 25    XL:     9   Next: 46%
Magic:  8/8        EV:  9    Int:  5    God:    the Shining One [*.....]
Gold:   1403       SH:  5    Dex: 10    Spells: 8/8 levels left

rFire   . . .      SeeInvis .   a - +0 war axe
rCold   . . .      Faith    .   c - +0 buckler
rNeg    + . .      Spirit   .   f - +0 scale mail
rPois   +          Reflect  .   (helmet restricted)
rElec   .          Harm     .   i - +0 cloak
rCorr   .          Rampage  .   (no gloves)
Will    .....                   (no boots)
Stlth   ..........              e - amulet of regeneration
HPRegen 1.03/turn               l - ring of poison resistance
MPRegen 0.11/turn               v - ring of positive energy

@: glowing, very slow
A: horns 2, retaliatory headbutt
a: Renounce Religion, Divine Shield


You were on level 8 of the Dungeon.
You worshipped the Shining One.
The Shining One was aware of your devotion.
You visited 1 branch of the dungeon, and saw 8 of its levels.

You collected 1403 gold pieces.

Inventory:

Hand Weapons
 a - a +0 war axe (weapon)
 b - the +0 sling of the Pit {freeze, Int+4}
   (You took it off a hobgoblin on level 2 of the Dungeon)

   Any ammunition fired from it freezes those it strikes, dealing additional
   cold damage.
   It can also slow down cold-blooded creatures.
   Int:       It affects your intelligence (+4).
Missiles
 j - 5 boomerangs (quivered)
 w - 3 throwing nets
Armour
 c - a +0 buckler (worn)
 f - a +0 scale mail (worn)
 i - a +0 cloak (worn)
Jewellery
 e - an amulet of regeneration (around neck)
 l - a ring of poison resistance (left hand)
 v - a ring of positive energy (right hand)
Wands
 o - a wand of roots (3)
 x - a wand of light (11)
 z - a wand of mindburst (13)
Scrolls
 d - 3 scrolls of identify
 h - 3 scrolls of teleportation
 m - a scroll of enchant weapon
 n - 2 scrolls of vulnerability
 p - 3 scrolls of noise
 t - a scroll of magic mapping
 y - a scroll of amnesia {unknown}
Potions
 g - a potion of brilliance {unknown}
 k - a potion of ambrosia
 q - 4 potions of heal wounds
 s - a potion of cancellation
 u - a potion of degeneration {unknown}


   Skills:
 + Level 8.1 Fighting
 + Level 7.6 Axes
 + Level 5.5 Ranged Weapons
 + Level 8.2 Armour
 + Level 7.9 Shields


You had 8 spell levels left.
You didn't know any spells.
Your spell library contained the following spells:

 Spells                   Type           Power      Damage    Failure   Level
 Scorch                   Fire           0%         2d5       91%         2
 Cause Fear               Hex            0%         N/A       100%        4
 Flame Wave               Conj/Fire      0%         2d4       100%        4
 Olgreb's Toxic Radiance  Pois           0%         N/A       100%        4
 Freezing Cloud           Conj/Ice/Air   0%         6-21      100%        5
 Simulacrum               Ice/Necr       0%         N/A       100%        6
 Summon Cactus Giant      Summ           0%         N/A       100%        6
 Dragon Form              Tmut           0%         N/A       100%        7
 Ozocubu's Refrigeration  Ice            0%         4d7       100%        7
 Ignition                 Fire           0%         3d3       100%        8
 Dragon's Call            Summ           0%         N/A       100%        9
 Polar Vortex             Ice            0%         N/A       100%        9


Dungeon Overview and Level Annotations

Branches:
Dungeon (8/15)             Temple (0/1) D:5            Lair (0/5) D:8

Altars:
Hepliaklqana
Nemelex Xobeh
Qazlal
Vehumet
Wu Jian
Zin
The Shining One

Shops:
D:5 *


Innate Abilities, Weirdness & Mutations

You have a pair of horns on your head.
You reflexively headbutt those who attack you in melee.


Message History

A spectral hobgoblin and a hobgoblin come into view.
The hobgoblin shouts!
Found a hazy altar of Hepliaklqana.
There is an open door here.
You slash the spectral hobgoblin!
You destroy the spectral hobgoblin!
The Shining One accepts your kill.
You slash the hobgoblin!
You kill the hobgoblin!
No target in view!
No target in view!
No target in view!
There is an open door here.
A two-headed ogre is nearby!
A two-headed ogre is nearby!
Found an escape hatch in the ceiling.
You enter the shallow water.
Moving in this stuff is going to be slow.
The two-headed ogre barely misses you.
The two-headed ogre hits you with a +0 giant club!
Your unstable footing causes you to fumble your attack.
You block the two-headed ogre's attack. x2
You hit the two-headed ogre.
The two-headed ogre is lightly wounded.
The two-headed ogre hits you with a +0 giant club!! x2
* * * LOW HITPOINT WARNING * * *
You are too injured to fight recklessly!
Okay, then.
As you read the scroll of summoning, it crumbles to dust.
Wisps of shadow whirl around you...
As you read the scroll of fog, it crumbles to dust.
The scroll dissolves into smoke.
You block the two-headed ogre's attack.
The two-headed ogre hits you with a +0 giant club!
* * * LOW HITPOINT WARNING * * *
Your kobold splashes around in the water.
Your gnoll splashes around in the water.
Unknown command.
The two-headed ogre attacks as you move away!
The two-headed ogre hits you with a +0 giant club!!
You die...

############ ###
##.......>..#####
#...##...##...........
#...#.......####.#####
###<..#g...##.####.##
.....§g§§...........# ..
....~...§§§g§..........##
#.#.##....~..g§@§§~..~~......###
#.#.##....~~≈KKOK§≈≈≈~~~~....##~
##.#.##..~~.≈~§§K≈K~≈≈≈~~~~..##..
.>.........~~~..K§K.~≈≈~.....##._
........~~.~≈~...K.~~≈~~~~..##..
#.#.##O..~≈~≈..>............###~
.#.#††..~.~≈≈~~.....~≈~~~~~..####
.#...#....~≈≈≈.~~.~.~~~~≈~~.....#
.##..##..~≈≈≈~~≈~≈~~≈.~≈≈~...####


You could see a two-headed ogre (ally target), a friendly kobold brigand
(summoned), 3 friendly gnolls and 5 friendly kobolds.

Vanquished Creatures
  A troll (D:8)
  Sigmund (D:2)
  Eustachio (D:5)
  Menkaure (D:4)
  Duvessa (D:7)
  A water moccasin (D:7)
  2 sky beasts
  An ice beast (D:7)
  2 ogres
  5 wolves (D:8)
  A phantom (D:6)
  Blork the orc (D:5)
  2 bullfrogs (D:7)
  2 necrophages (D:7)
  Dowan (D:7)
  A howler monkey (D:6)
  4 hounds
  5 orc priests
  A jelly (D:5)
  3 iguanas
  5 orc wizards
  3 gnolls (D:2)
  6 adders
  A shadow imp (D:6)
  A white imp (D:7)
  A worm (D:5)
  3 dart slugs
  23 orcs
  4 ball pythons
  6 bats
  8 endoplasms
  4 giant cockroaches
  2 goblins
  9 hobgoblins
  4 jackals (D:2)
  7 frilled lizards
  5 kobolds
  4 rats
  A spectral hobgoblin (D:8)
134 creatures vanquished.

Notes
Turn   | Place    | Note
-------+----------+-------------------------------------------
     0 | D:1      | Arctor the Minotaur Fighter began the quest for the Orb.
     0 | D:1      | Reached XP level 1. HP: 19/19 MP: 0/0
   471 | D:1      | Found a faded altar of an unknown god.
   499 | D:1      | Reached XP level 2. HP: 24/27 MP: 1/1
   990 | D:2      | Reached XP level 3. HP: 31/33 MP: 2/2
  1285 | D:2      | Reached XP level 4. HP: 14/40 MP: 3/3
  1458 | D:2      | Identified the +0 sling of the Pit {freeze, Int+4}
  1462 | D:2      | Noticed Sigmund
  1672 | D:2      | Killed Sigmund
  1673 | D:2      | Reached skill level 5 in Fighting
  1673 | D:2      | Reached skill level 5 in Armour
  1673 | D:2      | Reached skill level 5 in Shields
  1673 | D:2      | Reached XP level 5. HP: 38/48 MP: 4/4
  2293 | D:3      | Found a radiant altar of Vehumet.
  2546 | D:4      | Reached XP level 6. HP: 56/56 MP: 5/5
  2576 | D:4      | Noticed Menkaure
  2584 | D:5      | Entered Level 5 of the Dungeon
  2627 | D:4      | Killed Menkaure
  2628 | D:4      | Reached skill level 1 in Ranged Weapons
  2718 | D:4      | Reached XP level 7. HP: 48/61 MP: 6/6
  2759 | D:4      | Found a glowing golden altar of the Shining One.
  2901 | D:4      | Became a worshipper of the Shining One
  2981 | D:4      | Found an ornate altar of the Wu Jian Council.
  3252 | D:5      | Reached skill level 5 in Axes
  3308 | D:5      | Found a staircase to the Ecumenical Temple.
  3321 | D:5      | Noticed Eustachio
  3379 | D:5      | Killed Eustachio
  3539 | D:5      | Found a sparkling altar of Nemelex Xobeh.
  3640 | D:5      | Noticed Blork the orc
  3641 | D:5      | Found Quiroxol's Assorted Antiques.
  3645 | D:5      | Killed Blork the orc
  3766 | D:5      | Found a glowing silver altar of Zin.
  3842 | D:5      | Identified the +6 spear "Grim" {flame, rPois rF+ Int+3
                  | Dex-3}
  4206 | D:5      | Identified a scroll of acquirement
  4210 | D:5      | Acquired 1042 gold pieces
  4351 | D:6      | Reached XP level 8. HP: 71/71 MP: 7/7
  4965 | D:7      | Found a stormy altar of Qazlal.
  4989 | D:7      | Noticed Dowan
  4991 | D:7      | Noticed Duvessa
  5009 | D:7      | Killed Duvessa
  5024 | D:7      | Killed Dowan
  5132 | D:7      | Reached * piety under the Shining One
  5613 | D:7      | Reached XP level 9. HP: 66/79 MP: 8/8
  5773 | D:8      | Noticed a two-headed ogre
  5774 | D:8      | Found a staircase to the Lair.
  5822 | D:8      | Noticed a troll
  5841 | D:8      | Reached skill level 5 in Ranged Weapons
  5849 | D:8      | Killed a troll
  6048 | D:8      | Found a hazy altar of Hepliaklqana.
  6089 | D:8      | Mangled by a two-headed ogre

Illustrated notes

Levels and vault maps discovered:
D:1:      dpeg_arrival_chambers_temple_mockup, layout_rooms,
          chequers_ecumenical_altar_simple_redux
D:2:      layout_rooms, serial_aquarium, aquarium_bridge_straight
          [aquarium_subvault_bridge, aquarium_subvault_window,
          aquarium_subvault_bridge, aquarium_subvault_window],
          aquarium_bridge_square [aquarium_subvault_wall,
          aquarium_subvault_window, aquarium_subvault_wall,
          aquarium_subvault_bridge], aquarium_window_fake,
          aquarium_window_corridor_3, aquarium_window_fake,
          aquarium_window_fake, aquarium_view_2c, uniq_sigmund
D:3:      layout_rooms, mainiacjoe_overflow_24_doors, grunt_decor_fettered,
          uniq_crazy_yiuf_cottage
D:4:      layout_cave_pools, tso_metal_star, nicolae_wu_jian_wuxing_cycle,
          uniq_menkaure
D:5:      layout_loops_corners, lemuel_round_altar,
          mainiacjoe_overflow_cross_hatched, minmay_temple_entry_tees,
          serial_shops, nicolae_square_shop, portal_sewer_entry_e,
          uniq_eustachio, uniq_blork_the_orc
D:6:      layout_basic, nicolae_hexahallways
D:7:      layout_loops_ring, nicolae_qazlal_general_emergency, st_stairs_4,
          uniq_duvessa
D:8:      layout_loops_ring, nicolae_hepliaklqana_monster_ancestors,
          erik_lair_island, enter_bailey_4, uniq_erica, uniq_joseph

Skill      XL: |  1  2  3  4  5  6  7  8  9 |
---------------+----------------------------+-----
Armour         | 4 5 6 7 8 |  8.2
Fighting       | 4 5 6 7 8 |  8.1
Shields        | 4 5 6 7 |  7.9
Axes           | 3 4 5 7 |  7.6
Ranged Weapons | 1 3 4 5 |  5.5

Action                   |  1- 3 |  4- 6 |  7- 9 || total
-------------------------+-------+-------+-------++-------
Melee: War axe           |    64 |    39 |   249 ||   352
       Headbutt          |    12 |     6 |    45 ||    63
 Fire: Sling             |       |    43 |       ||    43
  Use: Scroll            |       |     4 |    12 ||    16
       Potion            |       |     1 |     8 ||     9
Armor: Scale mail        |    29 |    33 |    99 ||   161
       Skin              |       |       |    70 ||    70
Dodge: Dodged            |    41 |    37 |    98 ||   176
Block: Buckler           |    18 |    22 |    74 ||   114
